 Dungeon Crawl Stone Soup version 0.24.0-37-gcf1ca852f1 (webtiles) character file.

Game seed: 12776714660649519272, levelgen mode: deterministic

60 Korkiloff the Skirmisher (level 3, 0/29 HPs)
             Began as a Demonspawn Abyssal Knight on Dec 8, 2019.
             Was a Believer of Lugonu.
             Succumbed to a hobgoblin's poison
             ... on level 2 of the Dungeon.
             The game lasted 00:02:59 (1446 turns).

Korkiloff the Skirmisher (DsAK)                     Turns: 1446, Time: 00:02:59

Health: 0/29       AC: 11    Str: 18    XL:     3   Next: 80%
Magic:  4/4        EV:  5    Int: 13    God:    Lugonu [**....]
Gold:   56         SH:  0    Dex: 12    Spells: 2/2 levels left

rFire    . . .     SeeInvis .   a - +1 falchion
rCold    . . .     Gourm    .   (no shield)
rNeg     . . .     Faith    .   n - +0 plate armour
rPois    .         Spirit   .   (no helmet)
rElec    .         Reflect  .   (no cloak)
rCorr    .         Harm     .   (no gloves)
MR       .....                  (no boots)
Stlth    ..........             (no amulet)
HPRegen  0.09/turn              (no ring)
MPRegen  0.09/turn              (no ring)

@: mighty, lethally poisoned (0 -> -19)
A: claws 1
a: Depart the Abyss, Bend Space, Renounce Religion


You were on level 2 of the Dungeon.
You worshipped Lugonu.
Lugonu was pleased with you.
You were not hungry.

You visited 1 branch of the dungeon, and saw 2 of its levels.
You visited the Abyss 1 time.

You collected 56 gold pieces.

Inventory:

Hand Weapons
 a - a +1 falchion (weapon)
Armour
 b - a +0 leather armour
 g - a +0 chain mail
 n - a +0 plate armour (worn)
Scrolls
 d - 2 scrolls of immolation {unknown}
 e - a scroll of enchant weapon {unknown}
 f - 3 scrolls of identify {unknown}
 h - a scroll of amnesia {unknown}
 i - a scroll of random uselessness {unknown}
 j - a scroll of remove curse {unknown}
 l - 2 scrolls of blinking {unknown}
Potions
 m - a potion of berserk rage {unknown}
Comestibles
 c - 3 rations


   Skills:
 + Level 3.6 Fighting
 + Level 2.8 Long Blades
 + Level 2.4 Armour
 + Level 0.9 Dodging
 + Level 2.4 Invocations


You had 2 spell levels left.
You didn't know any spells.
Your spell library was empty.

Dungeon Overview and Level Annotations

Branches:
Dungeon (2/15)

Altars:
Yredelemnul

Annotations:
D:2 1 runed translucent door


Innate Abilities, Weirdness & Mutations

You have sharp fingernails.


Message History

You feel very sick. The hobgoblin hits you.
Your plate armour prevents you from hitting the hobgoblin.
* * * LOW HITPOINT WARNING * * *
You feel sick.
The hobgoblin hits you but does no damage.
You closely miss the hobgoblin.
* * * LOW HITPOINT WARNING * * *
You feel sick.
The hobgoblin hits you but does no damage.
The hobgoblin hits you.
* * * LOW HITPOINT WARNING * * *
You hit the hobgoblin.
The hobgoblin is moderately wounded.
* * * LOW HITPOINT WARNING * * *
You feel sick. The hobgoblin hits you.
* * * LOW HITPOINT WARNING * * *
It was a potion of might.
You feel very mighty all of a sudden.
You die...

............###.......#
......................#
##...###.######.......#
###...#..))(.........#
###....#####.#######
######.#..#####.#
........#.#..)..##
..<..............#####
#...#.#..#......@((((###
..###........(#g####...##
..######(...###.# ###..#
............# ... ##.##
..####.....###.### #..#
..####..#### ## ##.#
..........# #.#
..####..##.### #### #.#
..####...###.###..# #.#


You could see a hobgoblin.

Vanquished Creatures
  A human zombie (D:2)
  A worm (D:2)
  A dart slug (D:1)
  A leopard gecko (D:1)
  5 bats (D:1)
  2 giant cockroaches
  A goblin (D:2)
  2 hobgoblins (D:1)
  3 jackals (D:2)
  3 frilled lizards
  4 kobolds
  A rat (D:1)
25 creatures vanquished.

Notes
Turn   | Place    | Note
-------+----------+-------------------------------------------
     0 | Abyss:1  | Korkiloff the Demonspawn Abyssal Knight began the quest for
                  | the Orb.
     0 | Abyss:1  | Reached XP level 1. HP: 18/18 MP: 2/2
     6 | Abyss:1  | Found a corrupted altar of Lugonu.
     8 | D:1      | Escaped the Abyss
   581 | D:1      | Gained mutation: You have sharp fingernails. [demonic
                  | ancestry]
   581 | D:1      | Reached XP level 2. HP: 20/24 MP: 3/3
  1033 | D:2      | Reached ** piety under Lugonu
  1056 | D:2      | Reached XP level 3. HP: 15/29 MP: 4/4
  1071 | D:2      | Noticed a human
  1214 | D:2      | Found a runed translucent door.
  1215 | D:2      | Found a basalt altar of Yredelemnul.
  1446 | D:2      | Succumbed to a hobgoblin's poison

Levels and vault maps discovered:
D:1:      minmay_arrival_four_loops, layout_loops_ring
D:2:      kennysheep_the_goblin_king, layout_rooms,
          chequers_ecumenical_altar_twisty, first_ration, minivault_26,
          dk_yredelemnul_ordeal

Skill      XL: |  1  2 |
---------------+-------+-----
Armour         | 2 |  2.4
Long Blades    | 2 |  2.8
Fighting       | |  3.6
Dodging        | |  0.9
Invocations    | |  2.4

Action                   || total
-------------------------++-------
Melee: Falchion          ||    98
  Use: Potion            ||     3
  Eat: Chunk             ||     2
Armor: Chain mail        ||    59
       Leather armour    ||     2
       Plate armour      ||     2
Dodge: Dodged            ||    37
       Rpst.: Falchion   ||    10
